AoeStats
← K

Arena

508676880Analyzed
3v3 RM · 10d ago on Sep 23, 2026· 74m 21s· 6 players
Game mode
Random Map
Map size
Normal (6 player)
Population
200
Speed
Normal
Resources
Standard
Victory
Conquest
Starting age
Dark Age
Ending age
Imperial Age
RankedLock teamsTeams togetherTeam positionsShared explorationLock speedFull tech treeHidden civsTurbo modeCheats
Victory
Defeat
🇬🇧 Turks · United Kingdom
1228
+10
🇨🇳 Franks · China
978
+20
🇨🇳 Romans · China
866
+24
🇷🇺 Varangians · Russia
1108
-20
🇷🇺 Persians · Russia
1044
-36
🇹🇷 Turks · Türkiye
1032
-17
danielw696925
7:43 Loom
7:46 Loom
9:32 Feudal Age
11:17 Double-Bit Axe
11:13 Horse Collar
15:58 Castle Age
15:32 Wheelbarrow
17:31 Bow Saw
17:44 Heavy Plow
36:17 Hand Cart
35:38 Light Cavalry
38:07 Thumb Ring
41:01 Elite Skirmisher
43:45 Bloodlines
46:09 Gold Mining
47:59 Gold Shaft Mining
47:13 Pikeman
48:17 Forging
48:01 Fletching
48:27 Stone Mining
49:39 Squires
49:25 Gambesons
50:40 Stone Shaft Mining
50:12 Husbandry
54:01 Imperial Age
53:33 Bodkin Arrow
53:38 Padded Archer Armor
55:24 Two-Man Saw
55:05 Crop Rotation
55:08 Leather Archer Armor
55:32 Iron Casting
55:02 Scale Barding Armor
54:58 Halberdier
55:08 Halberdier
55:45 Hussar
60:30 Blast Furnace
60:56 Conscription
62:15 Citadels
62:43 Hoardings
64:37 Scale Mail Armor
65:10 Ring Archer Armor
65:01 Chain Barding Armor
64:11 Cavalier
Graund
11:55 Feudal Age
15:55 Castle Age
14:07 Double-Bit Axe
14:19 Horse Collar
15:15 Gold Mining
22:10 Imperial Age
21:19 Bow Saw
22:20 Gold Shaft Mining
22:38 Heavy Plow
24:39 Padded Archer Armor
25:54 Leather Archer Armor
28:16 Ring Archer Armor
28:08 Fletching
31:21 Thumb Ring
32:18 Bodkin Arrow
33:17 Scale Barding Armor
36:03 Chain Barding Armor
37:27 Plate Barding Armor
37:28 Bracer
37:41 Husbandry
37:52 Bloodlines
46:04 Forging
58:05 Iron Casting
59:12 Wheelbarrow
62:35 Wheelbarrow
Vadan
8:48 Loom
10:59 Feudal Age
11:27 Double-Bit Axe
14:51 Castle Age
13:06 Horse Collar
16:10 Bow Saw
16:56 Heavy Plow
22:51 Wheelbarrow
22:26 Gold Mining
24:32 Scale Barding Armor
25:20 Forging
26:39 Fletching
28:28 Husbandry
28:38 Bloodlines
43:51 Light Cavalry
46:08 Stone Mining
72:11 Imperial Age
YuangXue
10:33 Feudal Age
11:33 Double-Bit Axe
15:45 Castle Age
15:46 Stone Mining
16:54 Bow Saw
30:09 Scale Mail Armor
36:32 Wheelbarrow
42:01 Forging
47:20 Husbandry
52:44 Imperial Age
54:57 Imperial Age
56:11 Husbandry
58:19 Hand Cart
64:00 Scale Barding Armor
65:19 Cavalier
67:57 Gold Mining
71:29 Paladin
打爆你的金针菇
10:37 Feudal Age
13:00 Double-Bit Axe
17:39 Castle Age
16:19 Stone Mining
16:14 Horse Collar
17:41 Gold Mining
19:50 Bow Saw
19:51 Heavy Plow
21:57 Loom
22:49 Wheelbarrow
22:09 Man-at-Arms
25:28 Long Swordsman
28:22 Gold Shaft Mining
29:46 Forging
29:37 Scale Mail Armor
32:11 Iron Casting
31:52 Chain Mail Armor
52:28 Imperial Age
54:12 Blast Furnace
52:43 Legionary
55:13 Hand Cart
55:29 Comitatenses
57:04 Heavy Scorpion
60:26 Fletching
66:33 Chemistry
65:39 Siege Engineers
68:39 Masonry
70:57 Bodkin Arrow
K
12:50 Feudal Age
16:22 Castle Age
20:31 Imperial Age
17:56 Double-Bit Axe
21:24 Padded Archer Armor
22:44 Leather Archer Armor
23:35 Gold Mining
29:17 Thumb Ring
29:34 Bow Saw
30:04 Ring Archer Armor
41:43 Forging
45:19 Iron Casting
44:50 Scale Barding Armor
45:41 Bloodlines
45:32 Husbandry
47:44 Two-Man Saw
46:37 Gold Mining
46:29 Horse Collar
62:35 Heavy Plow
71:22 Wheelbarrow
70:33 Loom
70:33 Town Watch
Connection lost

Rejoining the realm…

Still unreachable

The connection could not be restored.

Session expired

The server has moved on; the page needs a fresh start.